 Dungeon Crawl Stone Soup version 0.28.0-43-g3370ac3207 (webtiles) character file.

Game seed: 17055044357946204083

3319 pkoi the Martial Artist (level 9, 0/63 HPs)
             Began as a Purple Draconian Monk on Mar 15, 2022.
             Was a Believer of Hepliaklqana.
             Slain by a killer bee zombie (4 damage)
             ... on level 8 of the Dungeon.
             The game lasted 00:15:58 (10355 turns).

pkoi the Martial Artist (Purple Draconian Monk)    Turns: 10355, Time: 00:15:58

Health: 0/63       AC: 15    Str: 13    XL:     9   Next: 71%
Magic:  9/9        EV: 13    Int: 15    God:    Hepliaklqana [**....]
Gold:   146        SH:  0    Dex: 14    Spells: 8/8 levels left

rFire   . . .      SeeInvis +     - Unarmed
rCold   . . .      Faith    .   (no shield)
rNeg    . . .      Spirit   .   (armour unavailable)
rPois   .          Reflect  .   r - +2 hat {SInv}
rElec   .          Harm     .   (no cloak)
rCorr   .          Rampage  .   n - +2 pair of gloves {hurl}
Will    +....      Rnd*Tele +   l - +2 pair of boots
Stlth   +++.......              (no amulet)
HPRegen 0.20/turn               (no ring)
MPRegen 0.11/turn               (no ring)

@: no status effects
A: reduced essence, breathe power, AC +7, unfitting armour, cold-blooded, hooves
1, teleportitis 1, subdued magic 1
a: Breathe Dispelling Energy, Renounce Religion, Recall Ancestor, Ancestor
Identity


You were on level 8 of the Dungeon.
You worshipped Hepliaklqana.
Hepliaklqana was pleased with you.
You visited 2 branches of the dungeon, and saw 9 of its levels.
You also visited: Ossuary.

You collected 555 gold pieces.
You spent 409 gold pieces at shops.

Inventory:

Hand Weapons
 b - a +1 mace of holy wrath
Missiles
 e - 5 poisoned darts (quivered)
 h - a curare-tipped dart
 m - 3 throwing nets
Armour
 l - a +2 pair of boots (worn)
 n - a +2 pair of gloves of hurling (worn)
 r - a +2 hat of see invisible (worn)
Magical Staves
 g - a staff of air
Jewellery
 p - a ring of ice
 q - a +6 ring of intelligence
 t - an amulet of the acrobat
Wands
 j - a wand of paralysis (17)
 k - a wand of iceblast (1)
 y - a wand of digging (7)
Scrolls
 a - a scroll of silence
 c - a scroll of enchant armour
 d - a scroll of fog
 i - 3 scrolls of identify
 s - a scroll of amnesia
 w - a scroll of magic mapping
 A - a scroll of enchant weapon
Potions
 f - 3 potions of flight
 o - a potion of haste
 u - 2 potions of might
 v - a potion of brilliance
 x - a potion of invisibility {unknown}
 z - 2 potions of curing
 B - a potion of lignification


   Skills:
 - Level 4.0 Fighting
 - Level 4.0 Dodging
 - Level 4.0 Stealth
 + Level 13.0 Unarmed Combat


You had 8 spell levels left.
You didn't know any spells.
Your spell library contained the following spells:

 Spells                   Type           Power      Damage    Failure   Level
 Animate Skeleton         Necr           0%         N/A       22%         1
 Magic Dart               Conj           0%         1d3       22%         1
 Pain                     Necr           0%         1d4       22%         1
 Call Imp                 Summ           0%         N/A       34%         2
 Gell's Gravitas          Tloc           0%         N/A       58%         3
 Lesser Beckoning         Tloc           0%         N/A       58%         3
 Mephitic Cloud           Conj/Pois/Air  0%         N/A       58%         3
 Teleport Other           Tloc           0%         N/A       58%         3
 Vampiric Draining        Necr           0%         2d6       58%         3
 Alistair's Intoxication  Tmut/Pois      0%         N/A       100%        5
 Blade Hands              Tmut           0%         N/A       100%        5
 Borgnjor's Vile Clutch   Necr/Erth      0%         N/A       100%        5
 Eringya's Noxious Bog    Tmut/Pois      0%         N/A       100%        6
 Iron Shot                Conj/Erth      0%         9d1       100%        6
 Ignition                 Fire           0%         3d3       100%        8
 Fire Storm               Conj/Fire      0%         5d1       100%        9
 Animate Armour           Summ/Erth      Unusable   N/A       N/A         4

Dungeon Overview and Level Annotations

Branches:
Dungeon (8/15)             Temple (1/1) D:7         Ossuary (visited)
   Lair: D:8-11

Altars:
Ashenzari
Cheibriados
Dithmenos
Elyvilon
Fedhas
Gozag
Hepliaklqana
Kikubaaqudgha
Makhleb
Nemelex Xobeh
Okawaru
Qazlal
Ru
Sif Muna
Trog
Uskayaw
Vehumet
Wu Jian
Xom
Yredelemnul
Zin
The Shining One

Shops:
D:6 [([**

Annotations:
D:4 Dowan, Duvessa, Ijyb


Innate Abilities, Weirdness & Mutations

Your life essence is reduced to manifest your ancestor. (-10% HP)
You can breathe bolts of dispelling energy.
Your rich purple scales are hard. (AC +7)
You cannot fit into any form of body armour.
You are cold-blooded and may be slowed by cold attacks.
You have large cloven feet.
You are occasionally teleported next to monsters.
Your spells are a little easier to cast, but a little less powerful.


Message History

The centaur warrior hits you!
* * * LOW HITPOINT WARNING * * *
The centaur warrior kicks you but does no damage.
You punch the centaur warrior!
You kill the centaur warrior!
Your Unarmed Combat skill increases to level 13!
Things that are here:
a +0 short sword; a +0 plate armour of poison resistance; an orc corpse
As you read the scroll of teleportation, it crumbles to dust.
You feel strangely unstable. The troll bites you.
* * * LOW HITPOINT WARNING * * *
The troll claws you but does no damage. The troll misses you.
Your surroundings suddenly seem different.
You start resting.
Terra emerges from the mists of memory!
You start resting.
A killer bee zombie comes into view.
A killer bee zombie is nearby!
The killer bee zombie hits you but does no damage.
The killer bee zombie hits you.
* * * LOW HITPOINT WARNING * * *
The killer bee zombie hits you but does no damage.
The killer bee zombie barely misses you.
You closely miss the killer bee zombie.
Terra casts a spell at the killer bee zombie.
The killer bee zombie appears confused.
The killer bee zombie closely misses Terra.
Terra hits the killer bee zombie with a +0 dagger of draining!
The killer bee zombie hits you.
* * * LOW HITPOINT WARNING * * *
The killer bee zombie hits itself.
You hit the killer bee zombie.
The killer bee zombie is severely damaged.
Terra casts a spell at the killer bee zombie.
The killer bee zombie appears confused.
You hit the killer bee zombie.
Your punch misses the killer bee zombie.
The killer bee zombie is severely damaged.
The killer bee zombie hits you.
You die...

. . . . . ## . ..# ##.
. ....#..### .
......RZ.# .
........@## .
..........# .
.........## #
.........#
##################
$..#.....#.....#
T.)#.....#..)..# ###
#..#..#R.#..#..#####.#
#..#..#..#R.#..##....#


You could see the friendly Terra the hexer and a killer bee zombie (confused,
ally target).

Vanquished Creatures
  A centaur warrior (D:8)
  Pikel (D:4)
  A wyvern (D:8)
  Menkaure (D:5)
  A black bear (D:7)
  A sky beast (D:6)
  2 ogres (D:7)
  3 centaurs
  A kobold brigand (D:5)
  A phantom (D:3)
  A bullfrog (D:8)
  A wyvern zombie (D:8)
  A wyvern skeleton (D:7)
  3 water moccasin zombies (Ossuary)
  2 howler monkeys (D:8)
  4 hounds
  A gnoll shaman (D:5)
  2 orc priests
  5 iguanas
  2 orc wizards
  A hound skeleton (D:4)
  2 mummies (Ossuary)
  7 gnolls
  5 adders
  2 white imps
  6 adder zombies
  An adder skeleton (D:4)
  2 worms
  2 dart slugs
  15 orcs
  10 ball pythons
  10 endoplasms
  3 giant cockroaches
  6 gnoll zombies (Ossuary)
  9 goblins
  8 hobgoblins
  11 kobolds
  A quokka (D:5)
  4 bats
  2 frilled lizards (D:1)
  9 hobgoblin zombies (Ossuary)
  6 orc zombies (Ossuary)
  9 rats
166 creatures vanquished.

Vanquished Creatures (collateral kills)
  A steam dragon (D:8)
  A howler monkey (D:8)
  An orc priest (D:8)
  A hound (D:7)
  2 orcs (D:8)
6 creatures vanquished.

Vanquished Creatures (others)
  A hexer (D:8)
1 creature vanquished.

Grand Total: 173 creatures vanquished

Notes
Turn   | Place    | Note
-------+----------+-------------------------------------------
     0 | D:1      | pkoi the Draconian Monk began the quest for the Orb.
     0 | D:1      | Reached XP level 1. HP: 19/19 MP: 1/1
   278 | D:1      | Found a faded altar of an unknown god.
   304 | D:1      | Reached XP level 2. HP: 26/26 MP: 2/2
   918 | D:1      | Reached skill level 4 in Unarmed Combat
  1355 | D:1      | Reached XP level 3. HP: 31/31 MP: 3/3
  1892 | D:2      | Got Sif Muna's Handbook of Ignition
  2188 | D:3      | You fall into a shaft and drop 1 floor!
  2198 | D:4      | Reached skill level 5 in Unarmed Combat
  2198 | D:4      | Reached XP level 4. HP: 23/38 MP: 4/4
  3432 | D:3      | Reached XP level 5. HP: 18/45 MP: 5/5
  3627 | D:3      | Noticed a phantom
  3639 | D:3      | Killed a phantom
  4260 | D:3      | Found a stormy altar of Qazlal.
  4262 | D:3      | Found an ancient bone altar of Kikubaaqudgha.
  4579 | D:4      | Reached XP level 6. HP: 52/52 MP: 6/6
  4943 | D:4      | Noticed Ijyb
  5182 | D:4      | Noticed Duvessa
  5182 | D:4      | Noticed Dowan
  5183 | D:4      | Noticed a two-headed ogre
  5906 | D:5      | Entered Level 5 of the Dungeon
  5906 | D:5      | Noticed Pikel
  5919 | D:4      | Killed Pikel
  5920 | D:4      | Reached skill level 7 in Unarmed Combat
  5920 | D:4      | Your scales start taking on a rich purple colour.
  5920 | D:4      | Reached XP level 7. HP: 48/59 MP: 7/7
  6586 | D:5      | Noticed Menkaure
  6593 | D:5      | Gained mutation: You have hidden genetic defects. [potion
                  | of mutation]
  6593 | D:5      | Gained mutation: You have large cloven feet. [potion of
                  | mutation]
  6600 | D:5      | Reached skill level 8 in Unarmed Combat
  6603 | D:5      | Killed Menkaure
  6604 | D:5      | Reached XP level 8. HP: 29/66 MP: 8/8
  6606 | D:5      | Gained mutation: You are occasionally teleported next to
                  | monsters. [hidden defects]
  7006 | D:5      | Found an ornate altar of the Wu Jian Council.
  7412 | D:6      | Found Boej's Antique Armour Shop.
  7425 | D:6      | Bought a pair of embroidered gloves for 255 gold pieces
  7442 | D:6      | Found a radiant altar of Vehumet.
  7821 | D:6      | Found Jabbetem's Assorted Antiques.
  7837 | D:6      | Reached skill level 9 in Unarmed Combat
  7964 | D:6      | Found Luecwooc's Antique Armour Emporium.
  7970 | D:6      | Bought an embroidered hat for 154 gold pieces
  7987 | D:6      | Found Wuficud's Weapon Shop.
  8117 | D:6      | Found Leale's General Store.
  8251 | D:7      | Gained mutation: Your spells are a little easier to cast,
                  | but a little less powerful. [hidden defects]
  8251 | D:7      | Lost mutation: You have hidden genetic defects. [hidden
                  | defects expressed]
  8335 | D:7      | Found a sand-covered staircase.
  8387 | Ossuary  | Entered an ossuary
  8572 | Ossuary  | Reached skill level 10 in Unarmed Combat
  8753 | D:7      | Found a staircase to the Ecumenical Temple.
  8826 | Temple   | Entered the Ecumenical Temple
  9021 | Temple   | Became a worshipper of Hepliaklqana the Forgotten
  9021 | Temple   | Reached * piety under Hepliaklqana
  9021 | Temple   | Reached ** piety under Hepliaklqana
  9022 | Temple   | Remembered your ancestor Terra as a hexer
  9516 | D:7      | Reached skill level 11 in Unarmed Combat
  9516 | D:7      | Reached XP level 9. HP: 63/63 MP: 9/9
 10257 | D:8      | Reached skill level 12 in Unarmed Combat
 10297 | D:8      | Noticed a troll
 10298 | D:8      | Noticed a centaur warrior
 10318 | D:8      | Killed a centaur warrior
 10319 | D:8      | Reached skill level 13 in Unarmed Combat
 10322 | D:8      | HP: 1/63 [troll (6)]
 10353 | D:8      | HP: 3/63 [killer bee zombie (3)]
 10355 | D:8      | Slain by a killer bee zombie

Illustrated notes

Levels and vault maps discovered:
D:1:      dpeg_arrival_ratfight, layout_loops_cross,
          ebering_ecumenical_altar_hall, minmay_tetromino_o2
D:2:      layout_rooms, minivault_11
D:3:      layout_basic, jmf_multi_god_temple, minmay_misc_feat_encased,
          minmay_quadrilaterals
D:4:      layout_layer_cave, st_stairs_14, uniq_ijyb, uniq_duvessa,
          uniq_eustachio
D:5:      layout_loops_ring, nicolae_overflow_crystal_walls, uniq_pikel,
          uniq_menkaure
D:6:      layout_loops_ring, vehumet_crystals, serial_shops,
          nicolae_square_shop, nicolae_square_shop,
          nicolae_shop_advertising_works [nicolae_subvault_shop_adworks], shop,
          kennysheep_mini_moat, corner_web_ring
D:7:      layout_loops_ring, minmay_temple_entry_poolview,
          lightli_ossuary_entry_decrepit_ruins,
          nicolae_concentric_dashed_squares_wild
D:8:      kennysheep_windowed_halls, layout_cave_pools,
          kennysheep_generic_room_6
Temple:   eino_narrow_crystal_temple

Skill      XL: |  1  2  3  4  5  6  7  8  9 |
---------------+----------------------------+-----
Unarmed Combat | 4 5 7 8 11 13 | 13.0
Stealth        | 2 4 |  4.0
Dodging        | 3 4 |  4.0
Fighting       | 4 |  4.0

Action                   |  1- 3 |  4- 6 |  7- 9 || total
-------------------------+-------+-------+-------++-------
Melee: Unarmed           |   143 |   195 |   318 ||   656
       Tailslap          |    17 |    27 |    48 ||    92
       Punch             |     5 |     8 |    25 ||    38
Invok: Ancestor Life: He |       |       |     1 ||     1
       Ancestor Identity |       |       |     1 ||     1
Evoke: Wand              |       |     1 |     4 ||     5
  Use: Scroll            |       |     7 |    12 ||    19
       Potion            |       |     2 |     4 ||     6
 Stab: Sleeping          |     7 |     5 |     8 ||    20
       Paralysed         |       |     8 |       ||     8
       Distracted        |       |       |     2 ||     2
       Confused          |       |       |     1 ||     1
Armor: Skin              |    28 |    61 |   109 ||   198
Dodge: Dodged            |    69 |   102 |   179 ||   350
